Map: Ever Dream LE

Players

LiquidClem (Clem) - Winner!

  • Race: Terran Terran
  • Spawn Location: 7:00

cure

  • Race: Terran Terran
  • Spawn Location: 1:00

Event: StayAtHomestory Cup #2

VOD

Have the link to the VOD?

Description

Time

  • Played on: June 12, 2020, 1:33 p.m.
  • Length: 10:30

All games in this series

Show
View Real Time Build Order
Export as new Build Order

LiquidClem Terran - Winner!

Build Orders:  

Get SALT Encoding   

  12  0:00  SCV  
  13  0:12  SCV  
  14  0:17  Supply Depot  
  14  0:24  SCV  
  15  0:29  Refinery  
  15  0:38  SCV  
  16  0:44  Barracks  
  16  0:51  SCV  
  16  0:54  Refinery  
  17  1:03  SCV  
  18  1:15  SCV  
  19  1:31  Reaper, Orbital Command  
  20  1:33  Factory  
  20  1:44  Supply Depot  
  20  1:57  SCV  
  21  2:03  Reaper  
  22  2:09  SCV  
  23  2:17  Hellion  
  25  2:23  Command Center  
  25  2:26  SCV  
  26  2:33  Starport  
  26  2:35  Barracks Reactor  
  26  2:40  Hellion  
  26  2:44  SCV  
  29  2:49  Supply Depot  
  29  2:56  SCV  
  30  3:02  Factory Tech Lab  
  30  3:08  SCV  
  30  3:10  Medivac  
  33  3:13  Marine x2  
  35  3:22  Refinery  
  35  3:25  Siege Tank  
  38  3:27  SCV  
  39  3:34  Marine x2  
  39  3:39  Orbital Command  
  41  3:42  SCV  
  41  3:45  Starport Tech Lab  
  42  3:52  Marine x2  
  42  3:54  SCV  
  45  3:59  Cyclone  
  48  4:06  Supply Depot  
  48  4:09  SCV  
  49  4:14  Raven, Marine x2  
  53  4:17  SCV  
  54  4:27  SCV  
  54  4:30  SCV  
  51  4:32  Marine x2  
  51  4:35  Siege Tank  
  53  4:39  SCV  
  53  4:43  SCV, Supply Depot  
  55  4:50  Marine  
  55  4:52  SCV  
  57  4:55  SCV  
  57  4:57  Viking  
  60  5:02  Barracks x2  
  60  5:07  SCV x2, Supply Depot  
  60  5:13  Marine x2  
  63  5:19  SCV x2  
  68  5:21  Siege Tank  
  68  5:31  SCV  
  68  5:35  SCV, Engineering Bay  
  70  5:39  Refinery  
  70  5:40  Starport Reactor  
  70  5:42  Supply Depot  
  70  5:43  SCV  
  70  5:45  Stimpack  
  70  5:47  SCV, Marine  
  73  5:51  Barracks Tech Lab  
  73  5:56  SCV, Siege Tank  
  77  5:59  Marine  
  77  6:02  Supply Depot  
  77  6:03  Marine  
  80  6:04  Terran Infantry Weapons Level 1  
  80  6:08  SCV  
  82  6:14  Marine  
  82  6:15  Marine  
  82  6:18  Medivac x2  
  82  6:19  Supply Depot  
  82  6:22  Supply Depot  
  82  6:24  SCV x2, Marine  
  89  6:32  Siege Tank  
  92  6:33  Marine  
  93  6:43  Command Center  
  93  6:47  Supply Depot  
  93  6:49  Marine x2  
  93  6:53  Marine  
  97  6:57  SCV x2  
  97  7:01  Supply Depot  
  96  7:02  Medivac  
  96  7:04  Siege Tank  
  96  7:07  Marine, Medivac  
  96  7:08  Marine  
  101  7:10  SCV  
  99  7:16  SCV  
  99  7:22  SCV  
  97  7:25  Barracks Tech Lab  
  97  7:26  Marauder  
  97  7:28  SCV  
  100  7:30  Supply Depot  
  100  7:34  SCV  
  100  7:36  Marine  
  100  7:37  Marine  
  101  7:40  SCV  
  104  7:45  Marine  
  104  7:47  Marine  
  104  7:49  Siege Tank  
  104  7:50  SCV  
  105  7:56  Marine x2, Supply Depot  
  106  8:00  Medivac  
  106  8:03  Marine, Orbital Command  
  106  8:05  Marine  
  108  8:08  SCV x2  
  108  8:10  Combat Shield  
  105  8:14  Marine  
  105  8:15  Marine  
  104  8:21  Terran Infantry Armor Level 1, Marine  
  104  8:23  SCV x2  
  104  8:25  Marauder  
  106  8:30  Medivac  
  106  8:32  Marine  
  106  8:33  SCV, Marine  
  111  8:35  SCV  
  111  8:39  Marine  
  111  8:41  SCV  
  111  8:42  Engineering Bay  
  111  8:43  Armory  
  111  8:45  SCV  
  111  8:46  Marine  
  107  8:49  Marine  
  107  8:50  Siege Tank, Marine  
  107  8:52  SCV  
  107  8:53  SCV  
  113  8:57  Marine  
  113  8:58  SCV  
  115  9:03  Marine  
  115  9:04  SCV  
  115  9:07  Marine  
  111  9:10  Barracks  
  111  9:11  Barracks  
  111  9:13  Starport Reactor, Marine  
  111  9:15  SCV, Marine  
  110  9:20  SCV x2  
  110  9:22  Siege Tank, Marine, Sensor Tower  
  116  9:25  Marine  
  116  9:29  SCV, Refinery x2  
  116  9:31  Marine  
  119  9:32  SCV  
  120  9:39  Sensor Tower  
  120  9:40  Marine  
  120  9:41  SCV x2  
  120  9:43  Marine  
  124  9:47  Barracks Reactor  
  124  9:48  Marine  
  125  9:58  Marine  
  113  10:01  Marine  
  113  10:06  Marine  
  118  10:07  Command Center, Barracks Reactor  
  118  10:09  SCV  
  119  10:19  Barracks Reactor  
  118  10:22  Command Center  
Show
View Real Time Build Order
Export as new Build Order

cure Terran 

Build Orders: Cyclone Opening 

Get SALT Encoding   

  12  0:01  SCV  
  13  0:13  SCV  
  14  0:17  Supply Depot  
  14  0:25  SCV  
  14  0:27  Refinery  
  15  0:39  SCV  
  16  0:44  Barracks  
  16  0:51  SCV  
  16  0:53  Refinery  
  17  1:03  SCV  
  18  1:15  SCV  
  19  1:30  Orbital Command  
  19  1:31  Reaper  
  20  1:35  Factory  
  20  1:44  Supply Depot  
  20  1:56  SCV  
  21  2:03  Barracks Tech Lab  
  21  2:08  SCV  
  22  2:20  SCV  
  23  2:24  Cyclone  
  26  2:34  Command Center  
  26  2:36  SCV  
  27  2:40  Supply Depot  
  27  2:48  SCV  
  28  2:53  Starport  
  28  3:01  Cyclone  
  31  3:05  SCV  
  31  3:10  Barracks Tech Lab  
  31  3:17  SCV  
  32  3:25  Refinery  
  32  3:30  SCV  
  32  3:33  Cyclone  
  36  3:35  Banshee  
  39  3:43  Barracks Reactor  
  39  3:45  SCV  
  39  3:46  Orbital Command  
  40  3:57  SCV  
  40  4:02  Supply Depot  
  41  4:10  SCV  
  41  4:11  SCV  
  46  4:18  Raven  
  46  4:22  Marine x2  
  47  4:32  SCV x2  
  45  4:40  Marine x2  
  45  4:41  Siege Tank  
  45  4:44  SCV x2  
  51  4:49  Command Center  
  51  4:56  SCV x2  
  51  4:58  Marine x2  
  55  5:02  Raven, Supply Depot  
  57  5:08  SCV  
  57  5:09  SCV  
  59  5:15  Marine  
  59  5:16  Marine  
  61  5:21  Supply Depot  
  61  5:22  SCV  
  61  5:24  Siege Tank  
  61  5:25  SCV  
  61  5:27  Supply Depot  
  66  5:33  Marine x2  
  69  5:35  SCV  
  69  5:37  SCV, Refinery  
  70  5:45  Raven  
  70  5:47  SCV  
  70  5:49  SCV  
  74  5:54  Marine x2  
  76  5:58  Siege Tank  
  76  5:59  SCV  
  76  6:01  SCV, Orbital Command  
  81  6:12  SCV  
  81  6:13  SCV  
  81  6:15  Marine x2  
  85  6:21  Engineering Bay x2  
  85  6:25  Barracks  
  85  6:26  Barracks  
  85  6:40  Siege Tank  
  85  6:41  Barracks x2, SCV  
  85  6:42  SCV x2  
  85  6:45  Supply Depot  
  91  6:47  Marine  
  91  6:48  Viking  
  91  6:50  Viking  
  96  6:58  Stimpack  
  96  6:59  SCV x2  
  96  7:00  SCV  
  99  7:05  Marine  
  100  7:13  Barracks Reactor  
  100  7:19  Viking, Barracks Reactor  
  100  7:20  Siege Tank, Viking  
  100  7:21  Terran Infantry Weapons Level 1  
  104  7:24  Supply Depot  
  104  7:25  Supply Depot  
  104  7:26  Missile Turret, Marine  
  104  7:29  Barracks Reactor  
  105  7:30  Barracks Reactor  
  105  7:33  Missile Turret  
  105  7:44  Marine  
  95  7:52  Siege Tank  
  95  7:53  Marine x2  
  95  7:58  Marine x2  
  101  8:01  Marine  
  87  8:08  SCV  
  87  8:09  SCV x2, Marine x4  
  87  8:11  Marine x2  
  89  8:16  Marine x2  
  89  8:18  Medivac  
  89  8:19  Marine  
  92  8:24  Siege Tank  
  95  8:27  Marine x2  
  95  8:29  Marine x2  
  95  8:31  Marine  
  95  8:33  Marine x2  
  91  8:37  Marine  
  88  8:46  Combat Shield  
  88  8:47  Marine x2  
  81  8:48  Marine  
  81  8:51  Marine x2  
  81  8:55  Marine  
  78  8:56  Siege Tank, Orbital Command  
  78  9:05  Marine x2  
  78  9:06  Marine  
  78  9:09  Marine x2  
  75  9:13  Marine  
  75  9:15  Medivac  
  75  9:18  SCV x2  
  75  9:22  Marine x2  
  79  9:27  Marine x2, Barracks Reactor  
  79  9:28  SCV  
  79  9:30  SCV x2  
  84  9:36  Marine, Refinery  
  84  9:37  Refinery  
  85  9:40  SCV, Marine x2  
  85  9:42  SCV x2  
  90  9:46  Marine x2  
  90  9:52  SCV  
  93  9:53  Marine  
  93  9:58  Marine x2  
  93  9:59  SCV  
  86  10:00  SCV  
  86  10:04  SCV, Marine x2  
  81  10:07  Marine x2  
  81  10:11  Marine  
Tags
 
Add a new tag
Caveats
  • Supply blocks, unpowered buildings, or Contaminate may cause inaccurate times.
  • Supply counts are checked every 10 seconds.